 Dungeon Crawl Stone Soup version 0.29.1-2-gbd0b4ee654 (webtiles) character file.

Game seed: 15582750876399258158

577 zeram the Chopper (level 7, -2/61 HPs)
             Began as a Minotaur Fighter on Nov 7, 2022.
             Slain by an iguana (9 damage)
             ... on level 5 of the Dungeon on Nov 8, 2022.
             The game lasted 00:06:03 (3584 turns).

zeram the Chopper (Minotaur Fighter)                Turns: 3584, Time: 00:06:03

Health: -2/61      AC:  9    Str: 22    XL:     7   Next: 13%
Magic:  15/15      EV:  9    Int:  5    God:
Gold:   230        SH:  4    Dex: 10    Spells: 6/6 levels left

rFire   . . .      SeeInvis .   a - +1 war axe
rCold   . . .      Faith    .   c - +0 buckler
rNeg    . . .      Spirit   .   b - +0 scale mail
rPois   .          Reflect  .   (helmet restricted)
rElec   .          Harm     .   d - +0 cloak
rCorr   .          Rampage  .   (no gloves)
Will    .....                   q - +0 pair of boots
Stlth   ..........              u - amulet of the acrobat
HPRegen 0.20/turn               g - ring of magical power
MPRegen 0.14/turn               (no ring)

@: no status effects
A: horns 2, retaliatory headbutt
a: no special abilities


You were on level 5 of the Dungeon.
You visited 1 branch of the dungeon, and saw 5 of its levels.

You collected 230 gold pieces.

Inventory:

Hand Weapons
 a - a +1 war axe (weapon)
 k - a +1 dagger of venom
Armour
 b - a +0 scale mail (worn)
 c - a +0 buckler (worn)
 d - a +0 cloak (worn)
 q - a +0 pair of boots (worn)
Jewellery
 g - a ring of magical power (left hand)
 u - an amulet of the acrobat (around neck)
 x - an amulet of faith
Wands
 s - a wand of light (5)
Scrolls
 e - a scroll of teleportation
 i - 3 scrolls of vulnerability {unknown}
 o - 3 scrolls of identify
 p - a scroll of amnesia {unknown}
 r - 2 scrolls of enchant weapon
 v - a scroll of fog {unknown}
 y - a scroll of fear {unknown}
Potions
 f - 2 potions of flight
 h - a potion of ambrosia {unknown}
 j - 2 potions of heal wounds
 l - a potion of lignification {unknown}
 m - a potion of attraction {unknown}
 n - 2 potions of brilliance {unknown}
 t - a potion of degeneration {unknown}
 w - a potion of might


   Skills:
 + Level 5.2 Fighting
 + Level 6.6 Axes
 + Level 5.2 Armour
 + Level 1.3 Dodging
 + Level 1.2 Stealth
 + Level 4.6 Shields


You had 6 spell levels left.
You didn't know any spells.
Your spell library contained the following spells:

 Spells                   Type           Power      Damage    Failure   Level
 Beastly Appendage        Tmut           0%         N/A       86%         1
 Necrotise                Necr           0%         1d4       86%         1
 Shock                    Conj/Air       0%         1d3       86%         1
 Wereblood                Tmut           0%         N/A       95%         2
 Confusing Touch          Hex            0%         N/A       99%         3
 Spider Form              Tmut/Pois      0%         N/A       99%         3
 Swiftness                Air            0%         N/A       99%         3
 Vampiric Draining        Necr           0%         2d6       99%         3
 Airstrike                Air            0%         2d(0-16)  100%        4
 Corpse Rot               Necr/Pois/Air  0%         N/A       100%        4
 Dispel Undead            Necr           0%         3d6       100%        4
 Agony                    Necr           0%         N/A       100%        5
 Fireball                 Conj/Fire      0%         3d3       100%        5
 Iskenderun's Battlesphe  Conj           0%         2d6       100%        5
 Yara's Violent Unravell  Hex/Tmut       0%         3d3       100%        5
 Conjure Ball Lightning   Conj/Air       0%         3x3d6     100%        6
 Death Channel            Necr           0%         N/A       100%        6
 Enfeeble                 Hex            0%         N/A       100%        7
 Orb of Destruction       Conj           0%         9d5       100%        7


Dungeon Overview and Level Annotations

Branches:
Dungeon (5/15)
 Temple: D:4-7

Altars:
Sif Muna
Vehumet


Innate Abilities, Weirdness & Mutations

You have a pair of horns on your head.
You reflexively headbutt those who attack you in melee.


Message History

Found a hand axe and the Book of Evil Frostbite.
The iguana hisses angrily.
An iguana comes into view.
The phantom moves out of view.
An ogre comes into view. It is wielding a +0 giant club.
The ogre shouts!
You hear a shout!
You barely miss the ogre. You headbutt the ogre.
The ogre is lightly wounded.
An ogre comes into view. It is wielding a +0 giant club.
The ogre hits you with a +0 giant club!!
You hit the ogre.
The ogre is moderately wounded.
The ogre hits you with a +0 giant club.
You completely miss the ogre. You headbutt the ogre.
The ogre is heavily wounded.
You completely miss the iguana. The iguana barely misses you. x2
The iguana bites you but does no damage.
The ogre hits you with a +0 giant club!
You are too injured to fight recklessly!
You are too injured to fight recklessly!
You are too injured to fight recklessly!
You are too injured to fight recklessly!
Unknown command.
You barely miss the iguana. You hit the ogre.
You hit the iguana but do no damage. The iguana bites you!
* * * LOW HITPOINT WARNING * * *
The iguana barely misses you.
Unknown command.
You barely miss the iguana. You hit the iguana but do no damage.
You slash the phantom! You barely miss the ogre. You block the ogre's attack.
The iguana bites you!
* * * LOW HITPOINT WARNING * * *
The phantom hits you but does no damage.
The iguana closely misses you.
Unknown command.
You slash the iguana!
The iguana is heavily wounded.
You hit the ogre. You hit the iguana but do no damage.
You closely miss the phantom. The iguana bites you!
You die...

#.#####.# #..<....#
#.#.##### #.#.##. ##
#.#.##.######## .#
#.#.##........# .#
#.#.##........# .#
#.#.##........# .#
#.#.##.....@l.###
.#####.#.##....WOl.....#
.#.......##....O###.###.
.#.......##.....#.h)..#.
.'.......##.....#.###.#.
.#.[.....##.###.#..:..#.
.#.......##.# #.#.###.#.
##.......##.# #.#.....#
##..........# .###.##


You could see 2 ogres, a phantom, a howler monkey and 2 iguanas.

Vanquished Creatures
  2 ice beasts (D:5)
  3 scorpions (D:4)
  An orc priest (D:4)
  Crazy Yiuf (D:3)
  An iguana (D:5)
  An adder (D:3)
  2 worms
  3 dart slugs
  9 orcs
  10 ball pythons
  10 bats
  8 endoplasms
  3 giant cockroaches
  7 hobgoblins
  3 jackals (D:2)
  7 kobolds
  4 quokkas
  3 frilled lizards
  11 goblins
  7 rats (D:1)
96 creatures vanquished.

Notes
Turn   | Place    | Note
-------+----------+-------------------------------------------
     0 | D:1      | zeram the Minotaur Fighter began the quest for the Orb.
     0 | D:1      | Reached XP level 1. HP: 19/19 MP: 0/0
    85 | D:1      | Reached XP level 2. HP: 23/27 MP: 1/1
   375 | D:1      | Reached skill level 3 in Axes
   437 | D:1      | Reached XP level 3. HP: 33/33 MP: 2/2
   505 | D:1      | Found a faded altar of an unknown god.
  1704 | D:3      | Found a runed translucent door.
  1705 | D:3      | Noticed Crazy Yiuf
  1906 | D:3      | Reached XP level 4. HP: 40/40 MP: 3/3
  1936 | D:3      | Found a shimmering blue altar of Sif Muna.
  2454 | D:3      | Killed Crazy Yiuf
  2455 | D:3      | Reached skill level 4 in Axes
  2760 | D:4      | Reached skill level 1 in Dodging
  2819 | D:4      | Noticed a scorpion
  2827 | D:4      | Reached XP level 5. HP: 47/47 MP: 4/4
  3209 | D:4      | Reached skill level 5 in Axes
  3209 | D:4      | Reached XP level 6. HP: 42/53 MP: 5/5
  3328 | D:4      | Reached skill level 5 in Armour
  3464 | D:5      | Entered Level 5 of the Dungeon
  3493 | D:5      | Noticed an ice beast
  3502 | D:5      | Killed an ice beast
  3503 | D:5      | Reached skill level 5 in Fighting
  3503 | D:5      | Reached skill level 6 in Axes
  3511 | D:5      | Reached skill level 1 in Stealth
  3518 | D:5      | Noticed an ice beast
  3522 | D:5      | Killed an ice beast
  3523 | D:5      | Reached XP level 7. HP: 61/61 MP: 6/6
  3533 | D:5      | Found a radiant altar of Vehumet.
  3584 | D:5      | Slain by an iguana

Illustrated notes

Levels and vault maps discovered:
D:1:      evilmike_arrival_grusome_pit, layout_basic,
          shapermc_ecumenical_altar_mp_urbaneastern
D:2:      layout_basic, minmay_fractal_squares_5
D:3:      layout_basic, overflow_temple_1_default, uniq_crazy_yiuf_cottage
D:4:      layout_basic, corexii_checkpoint_b, dreamdust_princess_bridge
D:5:      layout_basic, nicolae_vehumet_altar_sigil, xom_butterflies,
          kennysheep_small_spiral, minmay_checkerbox

Skill      XL: |  1  2  3  4  5  6 |
---------------+-------------------+-----
Fighting       | 4 5 |  5.2
Shields        | 4 |  4.6
Axes           | 3 4 5 6 |  6.6
Armour         | 4 5 |  5.2
Dodging        | 1 |  1.3
Stealth        | 1 |  1.2

Action                   |  1- 3 |  4- 6 |  7- 9 || total
-------------------------+-------+-------+-------++-------
Melee: War axe           |   100 |    78 |     6 ||   184
       Headbutt          |    10 |    13 |     2 ||    25
  Use: Scroll            |     6 |       |       ||     6
       Potion            |       |     1 |       ||     1
Armor: Scale mail        |    51 |    29 |     2 ||    82
Dodge: Dodged            |    74 |    28 |     4 ||   106
Block: Buckler           |    28 |    17 |     1 ||    46
